 Dungeon Crawl Stone Soup version 0.30-a0-782-ge64f9170bb (webtiles) character file.

Game seed: 17082725541857267399

140 mopl the Magician (level 5, -5/35 HPs)
             Began as a Mummy Fire Elementalist on Mar 13, 2023.
             Slain by Blork the orc
             ... wielding a +0 scimitar
              (12 damage)
             ... on level 3 of the Dungeon.
             The game lasted 00:04:05 (2357 turns).

mopl the Magician (Mummy Fire Elementalist)         Turns: 2357, Time: 00:04:06

Health: -5/35      AC:  3    Str: 11    XL:     5   Next: 2%
Magic:  0/11       EV: 12    Int: 16    God:
Gold:   83         SH:  0    Dex: 13    Spells: 2/12 levels left

rFire   x . .      SeeInvis .    (no weapon)
rCold   + . .      Faith    +    (no shield)
rNeg    + + +      Spirit   .    a - +0 robe
rPois   ∞          Reflect  .    (no helmet)
rElec   .          Harm     .    (no cloak)
rCorr   +          Rampage  .    e - +0 pair of gloves
Will    .....                    (no boots)
Stlth   ++                       j - amulet of regeneration
HPRegen 1.05/turn                f - ring of resist corrosion
MPRegen 0.12/turn                (no ring)

@: no status effects
A: cold resistance 1, negative energy resistance 3, torment resistance 2, heat
vulnerability 1, in touch with death 1, no potions, faith
a: no special abilities


You were on level 3 of the Dungeon.
You visited 1 branch of the dungeon, and saw 4 of its levels.

You collected 105 gold pieces.
You spent 22 gold pieces at shops.

Inventory:

Missiles
 d - 3 poisoned darts
 h - 6 boomerangs
Armour
 a - a +0 robe (worn)
 e - a +0 pair of gloves (worn)
 k - the +1 ring mail of the Pure Ships {rElec rC+++ Int+3 Dex+3}
   (You found it on level 3 of the Dungeon)

   Int:       It affects your intelligence (+3).
   Dex:       It affects your dexterity (+3).
   rC:        It renders you almost immune to cold.
   rElec:     It insulates you from electricity.
Jewellery
 f - a ring of resist corrosion (left hand)
 j - an amulet of regeneration (around neck)
Scrolls
 b - a scroll of identify
 c - 4 scrolls of enchant armour {unknown}
 g - 2 scrolls of poison
 i - a scroll of immolation


   Skills:
 - Level 1.5 Dodging
 - Level 1.5 Stealth
 + Level 4.2 Spellcasting
 + Level 2.3 Conjurations
 + Level 3.3 Fire Magic


You had 2 spell levels left.
You knew the following spells:

 Your Spells              Type           Power      Damage    Failure   Level
a - Foxfire               Conj/Fire      48%        2x1d6     4%          1
b - Scorch                Fire           28%        2d6       6%          2
c - Kindle Blastsparks    Fire/Tloc/Air  14%        2d11      30%         3
d - Flame Wave            Conj/Fire      12%        2d6       45%         4

Your spell library contained the following spells:

 Spells                   Type           Power      Damage    Failure   Level
 Inner Flame              Hex/Fire       8%         N/A       24%         3


Dungeon Overview and Level Annotations

Branches:
Dungeon (4/15)
 Temple: D:4-7

Altars:

Shops:
D:2 :   D:3 *(

Annotations:
D:2 dig
D:3 Blork the orc


Innate Abilities, Weirdness & Mutations

You are immune to poison.
Your flesh is cold resistant. (rC+)
You are immune to negative energy. (rN+++)
You are immune to unholy pain and torment.
You are vulnerable to heat. (rF-)
You are in touch with the powers of death.
You do not drink.
You have a special connection with the divine. (Faith)


Message History

You climb upwards.
There is a stone staircase leading down here.
There is a stone staircase leading up here.
Flames lash Blork the orc.
Blork the orc is lightly wounded.
Blork the orc's fire resistance burns away.
Blork the orc closely misses you.
Casting: Scorch (safe; 6% risk of failure)
Confirm with . or Enter, or press ? or * to list all spells.
You conjure some foxfire!
Blork the orc closely misses you.
You hit Blork the orc.
Blork the orc is lightly wounded.
The foxfire hits Blork the orc.
Blork the orc is burned terribly!
Blork the orc is moderately wounded.
The foxfire hits Blork the orc!
Blork the orc is burned terribly!
Blork the orc is heavily wounded.
Blork the orc barely misses you.
You hit Blork the orc but do no damage.
Blork the orc is heavily wounded.
Blork the orc hits you with a +0 scimitar!
You closely miss Blork the orc.
Blork the orc is heavily wounded.
Blork the orc is no longer more vulnerable to fire.
Blork the orc hits you with a +0 scimitar.
You hit Blork the orc.
Blork the orc is heavily wounded.
Blork the orc misses you.
You barely miss Blork the orc.
You punch Blork the orc, but do no damage.
Blork the orc is heavily wounded.
Blork the orc hits you with a +0 scimitar!
Casting: Foxfire (safe; 4% risk of failure)
Confirm with . or Enter, or press ? or * to list all spells.
You conjure some foxfire!
Blork the orc hits you with a +0 scimitar!
* * * LOW HITPOINT WARNING * * *
Your foxfire dissipates!
Blork the orc attacks as you move away!
Blork the orc hits you with a +0 scimitar!
You die...

.............##...# #...#.#......
#.####...........## #...#.###...#
#.# #...........## ##.##...###..
..# #.##.........### ###..#...###
..###.###..........#####........#
#.....#...###.........#..........
#..####.### #........##........#.
#..###..# #........#.....†.....
.......######...@v.###.#........#
....#### #......o>..............#
.##.## ###)##.......###........##
###..# #...###..####..###...#..#.
###.###.### #.######...###...##.
##..∩....# #.##.....##..###....
#..#.#..## #.#..#######...#####
.....#### #...## #.......# .#####
#..## ###......##


You could see Blork the orc (ally target).

Vanquished Creatures
  A scorpion (D:3)
  An adder (D:2)
  2 worms (D:2)
  3 dart slugs
  An orc (D:3)
  5 ball pythons
  8 endoplasms
  4 giant cockroaches
  4 goblins
  3 hobgoblins
  5 jackals
  A kobold (D:1)
  A quokka (D:3)
  7 bats
  4 frilled lizards
  10 rats
60 creatures vanquished.

Vanquished Creatures (others)
  50 foxfires
50 creatures vanquished.

Grand Total: 110 creatures vanquished

Notes
Turn   | Place    | Note
-------+----------+-------------------------------------------
     0 | D:1      | mopl the Mummy Fire Elementalist began the quest for the
                  | Orb.
     0 | D:1      | Reached XP level 1. HP: 13/13 MP: 4/4
   125 | D:1      | Reached skill level 1 in Conjurations
   214 | D:1      | Reached skill level 3 in Spellcasting
   252 | D:1      | Reached XP level 2. HP: 16/19 MP: 3/6
   312 | D:1      | Learned a level 2 spell: Scorch
   777 | D:2      | Gained mutation: You are in touch with the powers of death.
                  | [Mummy growth]
   777 | D:2      | Reached XP level 3. HP: 20/24 MP: 2/7
  1241 | D:2      | Reached skill level 3 in Fire Magic
  1332 | D:2      | Found Viablopo's Book Shop.
  1575 | D:2      | Learned a level 3 spell: Kindle Blastsparks
  1642 | D:3      | Found Uriehelu's Antique Weapon Shop.
  1650 | D:3      | Found Vitriph's General Store.
  1695 | D:3      | Found a faded altar of an unknown god.
  1719 | D:3      | Reached XP level 4. HP: 30/30 MP: 2/9
  1884 | D:3      | Reached skill level 2 in Conjurations
  1892 | D:3      | Noticed a scorpion
  1918 | D:3      | Killed a scorpion
  1919 | D:3      | Reached skill level 4 in Spellcasting
  2146 | D:3      | Identified the +1 ring mail of the Pure Ships {rElec rC+++
                  | Int+3 Dex+3}
  2234 | D:3      | Bought a scroll of identify for 22 gold pieces
  2339 | D:4      | Reached XP level 5. HP: 35/35 MP: 6/11
  2344 | D:4      | Noticed Blork the orc
  2346 | D:4      | Learned a level 4 spell: Flame Wave
  2357 | D:3      | Slain by Blork the orc

Illustrated notes

Levels and vault maps discovered:
D:1:      lightli_arrival_noodles, layout_loops_ring
D:2:      layout_loops_ring, serial_glass, glass_columns_a, glass_columns_a,
          due_unseen_surprise, item_on_display_a, serial_shops, shop
D:3:      minmay_skewed_foursquare, layout_rooms, serial_shops, shop_statue,
          nicolae_shop_crystal, basic_ecumenical_altar,
          hangedman_abyss_or_decor_stabs
D:4:      layout_rooms, kennysheep_generic_room_7, uniq_blork_the_orc,
          uniq_robin, uniq_ijyb

Skill      XL: |  1  2  3  4 |
---------------+-------------+-----
Conjurations   | 1 2 |  2.3
Spellcasting   | 3 4 |  4.2
Fire Magic     | 3 |  3.3
Dodging        | |  1.5
Stealth        | |  1.5

Action                     |  1- 3 |  4- 6 || total
---------------------------+-------+-------++-------
  Melee: Unarmed           |    65 |    15 ||    80
         Punch             |     1 |     1 ||     2
   Cast: Foxfire           |    21 |    14 ||    35
         Scorch            |    35 |    11 ||    46
    Use: Scroll            |       |     2 ||     2
   Stab: Sleeping          |     1 |       ||     1
 Armour: Robe              |    21 |     2 ||    23
  Dodge: Dodged            |    67 |    19 ||    86

Table legend: (Time is in decaauts)
 A = Elapsed time spent in this place.
 B = Non-inter-level travel time spent in this place.
 C = Inter-level travel time spent in this place.
 D = Time resting spent in this place.
 E = Time spent auto-exploring this place.
 F = Levels seen in this place.
 G = Mean time per level.
                   A        B        C        D        E       F      G
               +--------+--------+--------+--------+--------+-----+--------+
         Total |   2357 |   2293 |     64 |    389 |   1435 |   4 |  589.2 |
       Dungeon |   2357 |   2293 |     64 |    389 |   1435 |   4 |  589.2 |
               +--------+--------+--------+--------+--------+-----+--------+

Top non-repeatable levels by time:
     D:1: 837 daAuts
     D:2: 753 daAuts
     D:3: 752 daAuts
     D:4: 13 daAuts
